 Dungeon Crawl Stone Soup version 0.31-a0-1005-gfbdfbacc72 (webtiles) character file.

Game seed: 9998267226260240347

21 night the Caller (level 2, -1/21 HPs)
             Began as a Merfolk Summoner on Nov 11, 2023.
             Slain by a goblin
             ... wielding a +0 dagger
             ... led by Robin
              (4 damage)
             ... on level 2 of the Dungeon.
             The game lasted 00:04:40 (1798 turns).

night the Caller (Merfolk Summoner)                 Turns: 1798, Time: 00:04:41

Health: -1/21      AC:  2    Str:  8    XL:     2   Next: 87%
Magic:  1/5        EV: 12    Int: 14    God:
Gold:   42         SH:  0    Dex: 14    Spells: 2/5 levels left

rFire   . . .        h - +0 spear
rCold   . . .        (no shield)
rNeg    . . .        a - +0 robe
rPois   .            (no helmet)
rElec   .            (no cloak)
rCorr   .            (no gloves)
SInv    .            (no boots)
Will    .....        (no amulet)
Stlth   ++           (no ring)
HPRegen 0.23/turn    (no ring)
MPRegen 0.09/turn

%: no passive effects
@: no status effects
A: (nimble swimmer 2), mertail
a: no special abilities


You were on level 2 of the Dungeon.
You visited 1 branch of the dungeon, and saw 2 of its levels.

You collected 42 gold pieces.

Inventory:

Hand Weapons
 f - a +1 short sword of draining
 h - a +0 spear (weapon)
Missiles
 j - a stone
Armour
 a - a +0 robe (worn)
Scrolls
 d - a scroll of amnesia {unknown}
 e - a scroll of fear {unknown}
 g - a scroll of poison {unknown}
Potions
 b - a potion of magic
 c - a potion of enlightenment {unknown}
 i - a potion of heal wounds {unknown}
 k - a potion of mutation {unknown}


   Skills:
 + Level 1.1 Fighting
 + Level 1.3 Polearms
 - Level 2.6 Dodging
 - Level 2.1 Stealth
 + Level 2.2 Spellcasting
 + Level 4.2 Summonings


You had 2 spell levels left.
You knew the following spells:

 Your Spells              Type           Power      Damage    Failure   Level
a - Summon Small Mammal   Summ           52%        N/A       4%          1
b - Call Imp              Summ           26%        N/A       6%          2

Your spell library contained the following spells:

 Spells                   Type           Power      Damage    Failure   Level
 Call Canine Familiar     Summ           13%        N/A       12%         3
 Summon Guardian Golem    Hex/Summ       7%         N/A       28%         3
 Summon Lightning Spire   Summ/Air       7%         N/A       67%         4


Dungeon Overview and Level Annotations

Branches:
Dungeon (2/15)

Altars:

Annotations:
D:2 Robin


Innate Abilities, Weirdness & Mutations

((You are very nimble when in or above water. (Stealth+, EV+, Speed+++)))
Your lower body shifts to a powerful aquatic tail in water.


Message History

The goblin goes into a battle-frenzy!
Your quokka closely misses Robin.
The goblin no longer looks unusually strong.
The goblin goes into a battle-frenzy!
You barely miss the goblin. The goblin barely misses you.
Your quokka barely misses the goblin.
The goblin hits you but does no damage.
Your quokka barely misses the goblin.
Something misses your quokka. The goblin hits you with a +0 dagger.
Your quokka barely misses the goblin.
Something hits your quokka. The goblin attacks as it pursues you!
The goblin hits you but does no damage.
Your quokka bites the goblin.
You hit the goblin.
The goblin is severely wounded.
Something hits your quokka.
Your quokka dies!
Your quokka's corpse disappears in a puff of smoke!
The goblin hits you with a +0 dagger.
You closely miss the goblin.
The goblin is severely wounded.
The goblin hits you with a +0 dagger.
* * * LOW HITPOINT WARNING * * *
Casting: Summon Small Mammal (safe; 4% risk of failure)
Confirm with . or Enter, or press ? or * to list all spells.
Robin shouts!
You hear a shout!
The goblin hits you with a +0 dagger.
* * * LOW HITPOINT WARNING * * *
You hear a shout!
Unknown command.
You hear a shout!
Robin throws the goblin at you! The goblin completely misses you.
The goblin barely misses you. The goblin barely misses your rat.
Your rat barely misses the goblin.
The goblin barely misses your rat.
Your rat closely misses the goblin.
The goblin barely misses your rat.
Your rat bites Robin but does no damage.
The goblin hits your rat with a +0 club!
Your rat dies!
Your rat's corpse disappears in a puff of smoke!
The goblin attacks as it pursues you! The goblin hits you with a +0 dagger.
You die...

.......#######.# #..........#
.#.###.#......g###[.........###
...#.g.#..........g...........#
####g###.......##.ยง.........#.#
#...#.......##..######...#.#
###.#.......###.# ##.#..# #
#..g#.......# #g#######.#.## #
#.###.......# #...#.....#.####
#...#.......# ###g@.#####.....
###.######### ##......####.. ...
##.###..#...# #.# #.# ##...###
.g. #.#####>.# ###g########
#...[...## #..........#
#######.### #.........?# #.....#
#..........# #.....#


You could see Robin and a goblin (strong).

Vanquished Creatures
  A bat (D:2)
  A giant cockroach (D:2)
  A hobgoblin (D:1)
  A frilled lizard (D:1)
4 creatures vanquished.

Vanquished Creatures (collateral kills)
  A bat (D:1)
  2 endoplasms (D:1)
  3 giant cockroaches
  2 hobgoblins (D:1)
  A quokka (D:2)
  A ball python (D:1)
  A frilled lizard (D:2)
  A goblin (D:2)
  2 kobolds
14 creatures vanquished.

Grand Total: 18 creatures vanquished

Notes
Turn   | Place    | Note
-------+----------+-------------------------------------------
     0 | D:1      | night the Merfolk Summoner began the quest for the Orb.
     0 | D:1      | Reached XP level 1. HP: 13/13 MP: 3/3
   735 | D:1      | Reached XP level 2. HP: 20/20 MP: 1/5
   830 | D:1      | Reached skill level 1 in Polearms
   834 | D:1      | Learned a level 2 spell: Call Imp
  1413 | D:2      | Noticed Robin
  1545 | D:2      | Reached skill level 1 in Fighting
  1791 | D:2      | HP: 2/21 [goblin/+0 dagger[Robin] (4)]
  1798 | D:2      | Slain by a goblin

Illustrated notes

Levels and vault maps discovered:
D:1:      psy_arrival_conway, layout_basic
D:2:      layout_basic, kennysheep_generic_room_10, uniq_robin

Skill      XL: |  1  2 |
---------------+-------+-----
Polearms       | 1 |  1.3
Fighting       | 1 |  1.1
Dodging        | |  2.6
Stealth        | |  2.1
Spellcasting   | |  2.2
Summonings     | |  4.2

Action                     || total
---------------------------++-------
  Melee: Unarmed           ||    21
         Short sword       ||     7
         Spear             ||    19
   Cast: Summon Small Mamm ||    31
         Call Imp          ||     5
   Stab: Sleeping          ||     1
 Armour: Robe              ||    33
  Dodge: Dodged            ||    41

Table legend: (Time is in decaauts)
 A = Elapsed time spent in this place.
 B = Non-inter-level travel time spent in this place.
 C = Inter-level travel time spent in this place.
 D = Time resting spent in this place.
 E = Time spent auto-exploring this place.
 F = Levels seen in this place.
 G = Mean time per level.
                   A        B        C        D        E       F      G
               +--------+--------+--------+--------+--------+-----+--------+
         Total |   1794 |   1698 |     96 |    122 |   1196 |   2 |  897.0 |
       Dungeon |   1794 |   1698 |     96 |    122 |   1196 |   2 |  897.0 |
               +--------+--------+--------+--------+--------+-----+--------+

Top non-repeatable levels by time:
     D:1: 1477 daAuts
     D:2: 316 daAuts
